 Dungeon Sprint DCSS version 0.28.0-53-g5a82cb258f (webtiles) character file.

Game seed: 10642013143173757152

2900000 Zeld the Intangible (level 18, -36/211 HPs)
             Began as a Djinni Monk on June 5, 2022.
             Was a High Priest of Makhleb.
             Annihilated by The Servant
             ... wielding a +9 glaive of flaming
              (102 damage)
             ... in the Dungeon (Sprint VIII: "Arena of Blood").
             The game lasted 00:00:31 (29 turns).

Zeld the Intangible (Djinni Monk)                     Turns: 29, Time: 00:00:32

Health: -36/211    AC: 26    Str: 16    XL:     18   Next: 23%
Gold:   0          EV: 28    Int: 14    God:    Makhleb [*****.] SH:  0 Dex: 16

rFire   + + .      SeeInvis .   g - +∞ Axe of Woe
rCold   x . .      Faith    .   (shield currently unavailable)
rNeg    + . .      Spirit   .   (armour currently unavailable)
rPois   ∞          Reflect  .   (no helmet)
rElec   +          Harm     .   (no cloak)
rCorr   .          Rampage  .   (gloves currently unavailable)
Will    +....      NoTele   +   (boots unavailable)
Stlth   ++........              (no amulet)
HPRegen 0.45/turn               (no ring)
MPRegen 0.00/turn               (no ring)

@: statue-form, flying, very slow
A: slow and powerful, torment resistance 1, flying, boosted hp, sickness
immunity, fire resistance 2, cold vulnerability 1, float, innate caster, HP
casting, extra vitality 1
a: End Transformation, Renounce Religion, Minor Destruction, Lesser Servant of
Makhleb, Major Destruction, Greater Servant of Makhleb


You were in the Dungeon.
You worshipped Makhleb.
Makhleb was extremely pleased with you.
You were a living statue of rough stone.
You visited 1 branch

Inventory:

Hand Weapons
 g - the +∞ Axe of Woe (weapon)
   (You found it in the Dungeon)
Armour
 a - a +0 robe (melded)
Scrolls
 f - a scroll of blinking
Potions
 b - a potion of curing
 c - a potion of heal wounds
 d - a potion of haste
 e - a potion of berserk rage


   Skills:
 + Level 25.4 Fighting
 * Level 23.2 Axes
 O Level 27 Dodging
 - Level 1.5 Stealth
 - Level 3.0 Unarmed Combat
 * Level 18.6 Spellcasting
 * Level 23.2 Invocations


You had 23 spell levels left.
You knew the following spells:

 Your Spells              Type           Power      Damage    Failure   Level
a - Sandblast             Erth           100%       2d20      0%          1
b - Static Discharge      Conj/Air       60%        N/A       0%          2
c - Searing Ray           Conj           100%       2d8       0%          2
d - Lesser Beckoning      Tloc           60%        N/A       0%          3
e - Silence               Hex/Air        30%        N/A       1%          5
f - Freezing Cloud        Conj/Ice/Air   30%        6-21      1%          5
g - Statue Form           Tmut/Erth      40%        N/A       1%          6
h - Spellforged Servitor  Conj/Summ      30%        N/A       1%          7
Your spell library was empty.

Dungeon Overview and Level Annotations

Branches:
Dungeon (1/1)

Altars:
Makhleb

Annotations:
D The Servant


Innate Abilities, Weirdness & Mutations

You are a living statue of rough stone.
Your actions are slow, but your melee attacks are powerful.
You are resistant to unholy torment.
You are flying.
Your maximum health is greatly increased.
Your equipment is partially melded.
You are immune to sickness and miasma.
You are immune to poison.
Your flesh is very heat resistant. (rF++)
You are vulnerable to cold. (rC-)
You float through the air rather than walking.
You learn spells naturally, not from books.
Your magical power is your life essence.
You have superior vitality. (+4 MHP)


Message History

You slash the meat berserker!
You chop the meat berserker into pieces.
You kill the meat berserker!
Makhleb accepts your kill.
You feel better.
You hit the sculptor of flesh but do no damage.
You fatally mangle the sculptor of flesh.
You destroy the sculptor of flesh!
Makhleb accepts your kill.
You feel better.
You slash the destroyer!
You fatally mangle the destroyer.
You destroy the destroyer!
Makhleb accepts your kill.
You feel better.
You hear a shout! x6
A bag of meat comes into view. It is wielding a +9 war axe.
The Servant comes into view.
He is wielding a +9 glaive of flaming.
You hear a shout! x3
The eight-headed meat hydra calls on the powers of darkness!
The eight-headed meat hydra convulses!
The bag of meat convulses!
Your body is wracked with pain!
You hear a shout!
The bag of meat moves out of view.
Your Fighting skill gained 2 levels and is now at level 25!
Your Axes skill gained 3 levels and is now at level 23!
You have mastered Dodging!
Your Spellcasting skill increases to level 18!
Your Invocations skill gained 2 levels and is now at level 23!
You have reached level 18!
You slash the bag of meat!
You butcher the bag of meat messily.
You kill the bag of meat!
Makhleb accepts your kill.
You feel better.
You hear a shout! x5
The Servant hits you from afar with a +9 glaive of flaming!!!!
The Servant burns you!
You hear a shout! x6
A bag of meat comes into view. It is wielding a +9 war axe.
You hear a shout!
The Servant hits you from afar with a +9 glaive of flaming!!!!
You die...

#.. ..# #.. ..#
.###.. ..###.
......###o.....
....._.....
#.....# o
#_oo._# .
....#.)o).#....
......)8)...D..
..§..@###......
.###.. ..###.
#.. ..# #. .#
.. .. .. ..


You could see The Servant, an eight-headed meat hydra and 5 bags of meat.

Vanquished Creatures
  A vampire knight (D)
  5 ogres (D)
  10 orcs (D)
  A skeletal warrior (D)
17 creatures vanquished.

Notes
Turn   | Place    | Note
-------+----------+-------------------------------------------
     0 | D        | Found the +∞ Axe of Woe
     0 | D        | Zeld the Djinni Monk began the quest for the Orb.
     0 | D        | Reached XP level 1. HP: 20/20 MP: 0/0
     2 | D        | Noticed a bag of meat
     4 | D        | Noticed a bag of meat
     5 | D        | Noticed a bag of meat
     5 | D        | Noticed a bag of meat
     7 | D        | Noticed a meat berserker
     8 | D        | Became a worshipper of Makhleb the Destroyer
     8 | D        | Reached * piety under Makhleb
     8 | D        | Reached ** piety under Makhleb
    10 | D        | Killed a bag of meat
    11 | D        | Reached skill level 14 in Dodging
    11 | D        | Reached XP level 2. HP: 40/40 MP: 0/0
    11 | D        | Reached XP level 3. HP: 45/45 MP: 0/0
    11 | D        | Learned a level 1 spell: Sandblast
    11 | D        | Reached XP level 4. HP: 51/51 MP: 0/0
    11 | D        | Reached XP level 5. HP: 57/57 MP: 0/0
    11 | D        | Learned a level 2 spell: Static Discharge
    11 | D        | Reached XP level 6. HP: 63/63 MP: 0/0
    11 | D        | Reached XP level 7. HP: 68/68 MP: 0/0
    11 | D        | Learned a level 2 spell: Searing Ray
    11 | D        | Reached XP level 8. HP: 75/75 MP: 0/0
    11 | D        | Reached XP level 9. HP: 80/80 MP: 0/0
    11 | D        | Learned a level 3 spell: Lesser Beckoning
    11 | D        | Reached XP level 10. HP: 86/86 MP: 0/0
    11 | D        | Reached XP level 11. HP: 92/92 MP: 0/0
    11 | D        | Learned a level 5 spell: Silence
    11 | D        | Noticed a meat berserker
    11 | D        | Killed a bag of meat
    11 | D        | Noticed a bag of meat
    12 | D        | Reached skill level 16 in Dodging
    12 | D        | Reached skill level 10 in Spellcasting
    12 | D        | Reached XP level 12. HP: 26/101 MP: 0/0
    12 | D        | Killed a bag of meat
    12 | D        | Killed a meat berserker
    12 | D        | Reached *** piety under Makhleb
    12 | D        | Noticed a bag of meat
    13 | D        | Reached skill level 19 in Dodging
    13 | D        | Reached skill level 15 in Invocations
    13 | D        | Reached XP level 13. HP: 26/113 MP: 0/0
    13 | D        | Learned a level 5 spell: Freezing Cloud
    13 | D        | Reached XP level 14. HP: 28/120 MP: 0/0
    13 | D        | Killed a bag of meat
    13 | D        | Killed a bag of meat
    14 | D        | Reached skill level 21 in Dodging
    15 | D        | Killed a meat berserker
    15 | D        | Reached **** piety under Makhleb
    15 | D        | Noticed a bag of meat
    15 | D        | Noticed a bag of meat
    16 | D        | Reached skill level 15 in Axes
    16 | D        | Reached skill level 22 in Dodging
    16 | D        | Reached XP level 15. HP: 73/130 MP: 0/0
    16 | D        | Learned a level 6 spell: Statue Form
    18 | D        | Reached skill level 23 in Dodging
    20 | D        | Reached skill level 15 in Spellcasting
    20 | D        | Noticed a meat berserker
    21 | D        | Noticed a meat berserker
    22 | D        | Reached XP level 16. HP: 135/141 MP: 0/0
    22 | D        | Reached ***** piety under Makhleb
    23 | D        | Reached skill level 24 in Dodging
    23 | D        | Killed a meat berserker
    23 | D        | Noticed a meat berserker
    24 | D        | Reached skill level 25 in Dodging
    25 | D        | Noticed a destroyer
    26 | D        | Killed a meat berserker
    26 | D        | Noticed an eight-headed meat hydra
    27 | D        | Reached XP level 17. HP: 129/152 MP: 0/0
    27 | D        | Learned a level 7 spell: Spellforged Servitor
    28 | D        | Noticed a sculptor of flesh
    28 | D        | Killed a meat berserker
    28 | D        | Killed a sculptor of flesh
    28 | D        | Killed a destroyer
    28 | D        | Noticed The Servant
    29 | D        | Reached skill level 27 in Dodging
    29 | D        | Reached XP level 18. HP: 129/163 MP: 0/0
    29 | D        | Annihilated by The Servant

Illustrated notes

Levels and vault maps discovered:
D:        meatsprint

Skill      XL: |  1  2  3  4  5  6  7  8  9 10 11 12 13 14 15 16 17 |
---------------+----------------------------------------------------+-----
Fighting       | 13 14 17 20 21 23 25 | 25.4
Axes           | 9 11 13 15 17 20 23 | 23.2
Dodging        | 14 16 19 22 23 25 27 | 27.0
Spellcasting   | 8 10 12 14 15 17 18 | 18.6
Invocations    | 11 12 15 18 19 21 23 | 23.2
Stealth        | |  1.5
Unarmed Combat | |  3.0

Action                   |  1- 3 |  4- 6 |  7- 9 | 10-12 | 13-15 | 16-18 || total
-------------------------+-------+-------+-------+-------+-------+-------++-------
Melee: Executioner's axe |     1 |       |       |     2 |     5 |     5 ||    13
 Cast: Statue Form       |       |       |       |       |       |     1 ||     1
Dodge: Dodged            |       |       |       |       |     1 |       ||     1
